[Event "Titled Tuesday Blitz April 11 Early 2023"]
[White "Orlov, Georgi"]
[Black "Idani, Pouya"]
[WhiteFideId "2011271"]
[BlackFideId "12510130"]
[WhiteElo "2592"]
[BlackElo "2574"]
[Result "1-0"]
[Round "07"]
[TimeControl "180+2"]
[Date "2023.04.11"]
[WhiteClock "0:00:35"]
[BlackClock "0:00:02"]

1. d4 Nf6 2. Nf3 g6 3. c4 Bg7 4. Nc3 O-O 5. e4 d6 6. Be2 e5 7. O-O Na6 8. Be3 Ng4 9. Bg5 f6 10. Bh4 Qe8 11. d5 Nh6 12. Nd2 Nf7 13. f3 c5 14. dxc6 bxc6 15. Nb3 Be6 16. Bf2 Nc7 17. Qd2 f5 18. Rad1 f4 19. Na5 Qc8 20. b4 Ne8 21. c5 Kh8 22. Nc4 dxc5 23. Bxc5 Rg8 24. Na5 g5 25. Bc4 g4 26. Bxe6 Qxe6 27. Qd7 Qg6 28. Qxg4 Qh6 29. Qd7 Ng5 30. Qxc6 Nf6 31. Kh1 Rac8 32. Qa6 Qh5 33. Nd5 Nxd5 34. exd5 Rgd8 35. Nb7 Rg8 36. Nd6 Rcd8 37. Nf5 Rd7 38. d6 Bf6 39. Ne7 Rgd8 40. Qe2 Qf7 41. Nc6 Qe6 42. Nxd8 Rxd8 43. Rfe1 Nf7 44. Qa6 Rd7 45. Qc6 Kg7 46. a4 Ng5 47. b5 h5 48. Bf2 Nf7 49. a5 h4 50. h3 Nxd6 51. b6 axb6 52. axb6 Be7 53. b7 Rxb7 54. Rxd6 Qxd6 55. Qxb7 Qd2 56. Qxe7+ Kg6 57. Qe6+ 1-0


[Site "https://www.chess.com"]

[Event "Titled Tuesday Blitz April 11 Early 2023"]
[White "Jeet, Jain"]
[Black "Jaferian, Koosha"]
[WhiteFideId "5073022"]
[BlackFideId "12507440"]
[WhiteElo "2067"]
[BlackElo "2073"]
[Result "0-1"]
[Round "07"]
[TimeControl "180+2"]
[Date "2023.04.11"]
[WhiteClock "0:00:19"]
[BlackClock "0:00:08"]

1. Nf3 d5 2. b3 Nf6 3. Bb2 Bf5 4. e3 e6 5. c4 c6 6. d4 Nbd7 7. Nbd2 a5 8. a3 Bd6 9. h3 h6 10. Be2 O-O 11. O-O Qe7 12. Ne5 Ne4 13. Nxd7 Qxd7 14. Nxe4 Bxe4 15. f3 Bg6 16. Bd3 Bxd3 17. Qxd3 Bc7 18. e4 Qd6 19. e5 Qd7 20. c5 Bd8 21. f4 f5 22. b4 b5 23. a4 bxa4 24. Rxa4 Bc7 25. Rfa1 Rfb8 26. Bc3 Rb5 27. bxa5 Ra6 28. Rb1 Rxb1+ 29. Qxb1 Qc8 30. Kh2 Ra8 31. g4 fxg4 32. hxg4 Qa6 33. Qc2 Rf8 34. Qf2 Qd3 35. Bd2 Qb3 36. Rb4 Qa2 37. Rb6 Kh7 38. Kg2 Bxb6 39. cxb6 Qc4 40. f5 exf5 41. gxf5 c5 42. f6 gxf6 43. Qf5+ Kg7 44. Bf4 Qe2+ 45. Kh3 Qf1+ 46. Kg3 Qg1+ 47. Kh4 Qh1+ 48. Qh3 Qe4 49. Qg4+ Kh8 50. b7 f5 51. Qg3 Qh1+ 52. Qh2 Qe1+ 53. Kh3 Qf1+ 54. Kh4 Qe1+ 55. Kh3 Qf1+ 56. Qg2 Qxf4 57. Qg6 Qf3+ 58. Kh2 Qf2+ 59. Kh3 Qf3+ 60. Kh2 Qe2+ 61. Kh3 Qd3+ 62. Kh4 Qxd4+ 63. Kh5 Qd1+ 64. Kxh6 Qh1+ 65. Kg5 Qg1+ 66. Kh6 Qh2+ 67. Qh5 Qd2+ 68. Qg5 Qh2+ 69. Qh5 Qf4+ 70. Qg5 Qxe5 71. a6 Rf6+ 72. Kh5 Qh2+ 73. Qh4 Rh6+ 74. Kxh6 Qxh4+ 75. Kg6 Qg4+ 76. Kf6 Qh4+ 77. Kg6 Qg3+ 78. Kf6 Qb8 79. Kxf5 c4 80. Ke6 c3 81. a7 Qxa7 82. Kxd5 Qxb7+ 83. Kc4 c2 84. Kd3 c1=N+ 85. Kd2 Nb3+ 0-1


[Site "https://www.chess.com"]

[Event "Titled Tuesday Blitz April 11 Early 2023"]
[White "Tan, Zhongyi"]
[Black "slidingknight2775"]
[WhiteFideId "8603642"]
[WhiteElo "2519"]
[BlackElo "2582"]
[Result "1-0"]
[Round "07"]
[TimeControl "180+2"]
[Date "2023.04.11"]
[WhiteClock "0:00:55"]
[BlackClock "0:00:02"]

1. d4 Nf6 2. c4 e6 3. Nc3 Bb4 4. Nf3 b6 5. e3 Bb7 6. Bd3 O-O 7. O-O d5 8. cxd5 exd5 9. Ne5 c5 10. a3 Ba5 11. Qf3 Bxc3 12. bxc3 Ba6 13. dxc5 bxc5 14. Bxa6 Nxa6 15. c4 Nc7 16. Rd1 Qe7 17. Bb2 Qe6 18. Rac1 Rad8 19. h3 h6 20. cxd5 Rxd5 21. Rxd5 Ncxd5 22. Rxc5 Rb8 23. Bd4 Rb1+ 24. Kh2 Ne7 25. Rc7 a6 26. Qa8+ Kh7 27. Qf8 Ng6 28. Qxf7 Qxf7 29. Rxf7 Nxe5 30. Bxe5 Ne8 31. Re7 Kg6 32. Rxe8 Kf7 33. Ra8 Rb5 34. Ra7+ Ke6 35. Bxg7 Kd5 36. Rxa6 Ke4 37. Bxh6 Kd3 38. Bf4 Kc2 39. h4 Kb2 40. g4 Kb1 41. h5 Rb2 42. Kg3 Rc2 43. h6 Ka1 44. h7 Ka2 45. h8=Q Kb1 46. Rb6+ Ka2 47. Qg8+ Ka1 48. Be5+ 1-0


[Site "https://www.chess.com"]

[Event "Titled Tuesday Blitz April 11 Early 2023"]
[White "HSH1987"]
[Black "Berezin, Viktor"]
[BlackFideId "14107872"]
[WhiteElo "2682"]
[BlackElo "2310"]
[Result "1-0"]
[Round "07"]
[TimeControl "180+2"]
[Date "2023.04.11"]
[WhiteClock "0:00:54"]
[BlackClock "0:00:10"]

1. e4 g6 2. d4 Bg7 3. Nf3 d6 4. c3 Nf6 5. Bd3 O-O 6. O-O Nc6 7. Re1 e5 8. dxe5 Nxe5 9. Nxe5 dxe5 10. Qc2 Be6 11. Na3 c6 12. Bc4 Qe7 13. Bg5 h6 14. Bxf6 Qxf6 15. Rad1 Rad8 16. Qb3 Bxc4 17. Nxc4 b5 18. Na5 h5 19. Nb7 Rxd1 20. Rxd1 Qf4 21. Qc2 h4 22. h3 Bh6 23. Qe2 Qf6 24. Nc5 Rd8 25. b3 Qe7 26. Rxd8+ Qxd8 27. Qd3 Qg5 28. Qd1 Bf8 29. Nd3 Qf6 30. Ne1 Qf4 31. Qc2 Bc5 32. Nf3 Kg7 33. Qd2 Qf6 34. Qg5 Qxg5 35. Nxg5 Bb6 36. Nf3 f6 37. Nxh4 a5 38. Nf3 a4 39. Kf1 Ba5 40. c4 Kf7 41. Ke2 Ke6 42. Kd3 Kd6 43. h4 Kc5 44. g4 axb3 45. axb3 Kb4 46. cxb5 cxb5 47. Kc2 Bd8 48. h5 gxh5 49. gxh5 f5 50. exf5 Bf6 51. h6 e4 52. Nd2 e3 53. fxe3 Kc5 54. Ne4+ 1-0


[Site "https://www.chess.com"]

[Event "Titled Tuesday Blitz April 11 Early 2023"]
[White "Martic, Ivan"]
[Black "Dronavalli, Harika"]
[WhiteFideId "929301"]
[BlackFideId "5015197"]
[WhiteElo "2360"]
[BlackElo "2432"]
[Result "0-1"]
[Round "07"]
[TimeControl "180+2"]
[Date "2023.04.11"]
[WhiteClock "0:00:04"]
[BlackClock "0:00:42"]

1. d4 g6 2. c4 Bg7 3. Nc3 c5 4. d5 Nf6 5. e4 O-O 6. Nf3 e6 7. Be2 Re8 8. d6 Nc6 9. h3 e5 10. Bg5 Nd4 11. Nd5 Qa5+ 12. b4 Qd8 13. Nc7 Rb8 14. Nxe8 Qxe8 15. Bxf6 Bxf6 16. bxc5 b6 17. Rb1 Bb7 18. Bd3 bxc5 19. Nxd4 exd4 20. O-O Be5 21. f4 Bxd6 22. e5 Bc7 23. Rb3 d6 24. Qb1 Qc6 25. Rf2 dxe5 26. fxe5 Bxe5 27. Rfb2 Qf6 28. Qf1 Qe7 29. Qb1 Qg5 30. Rxb7 Rxb7 31. Rxb7 Qf4 32. Rb3 Qh2+ 33. Kf1 Bf4 34. Be4 Be3 35. Rxe3 dxe3 36. Qd3 Qf4+ 37. Ke2 Qf2+ 38. Kd1 Kg7 39. Bf3 Qxa2 40. Qc3+ Kg8 41. Qxe3 Qxc4 42. Qe8+ Kg7 43. Qe5+ Kg8 44. Qe4 Qb3+ 45. Ke1 Qc3+ 46. Kf2 a5 47. Qe3 Qb2+ 48. Qe2 Qd4+ 49. Qe3 Qd6 50. Be2 a4 51. Bc4 Qf6+ 52. Kg1 Qd4 53. Qxd4 cxd4 54. Kf2 Kg7 55. Ke2 Kf6 56. Kd3 Ke5 57. Bxf7 g5 58. Bg8 h5 59. g3 h4 60. g4 a3 61. Ba2 Kf4 62. Kxd4 Kg3 63. Ke4 Kxh3 64. Kf5 Kg3 65. Kxg5 h3 66. Kf5 h2 67. Bd5 a2 68. g5 a1=Q 69. g6 Qg7 0-1


[Site "https://www.chess.com"]

[Event "Titled Tuesday Blitz April 11 Early 2023"]
[White "Petrov, Martin"]
[Black "Horak, Martin"]
[WhiteFideId "2911086"]
[BlackFideId "367095"]
[WhiteElo "2430"]
[BlackElo "2091"]
[Result "1/2-1/2"]
[Round "07"]
[TimeControl "180+2"]
[Date "2023.04.11"]
[WhiteClock "0:00:05"]
[BlackClock "0:00:03"]

1. c4 e5 2. Nc3 Nf6 3. Nf3 Nc6 4. a3 d5 5. cxd5 Nxd5 6. d3 Be7 7. g3 O-O 8. Bg2 Nb6 9. O-O Be6 10. b4 f6 11. Nd2 Nd5 12. Bb2 Nxc3 13. Bxc3 Bd5 14. Bxd5+ Qxd5 15. Qb3 Qxb3 16. Nxb3 a6 17. Rac1 Rfd8 18. Rfd1 Rd7 19. Nc5 Bxc5 20. bxc5 b5 21. cxb6 cxb6 22. Rd2 b5 23. Kg2 Kf7 24. Rb2 Rad8 25. Bb4 Nxb4 26. axb4 Ke6 27. Ra2 Rd6 28. Rca1 Ra8 29. Ra5 Rb6 30. Kf3 f5 31. e3 Kd5 32. Rc1 Ra7 33. Rc5+ Kd6 34. d4 exd4 35. exd4 g6 36. Ra2 Re7 37. Rac2 Re4 38. Rc8 Kd7 39. R2c7+ Kd6 40. Rc5 Kd7 41. R8c7+ Kd6 42. Rxh7 Rxd4 43. Rg7 Rxb4 44. Rc2 Ke5 45. Rc5+ Kf6 46. Ra7 Ra4 47. h4 Re6 48. Kg2 Ra2 49. Rxb5 Rxf2+ 50. Kxf2 axb5 51. Rb7 Re5 52. Kf3 Rc5 53. g4 Rc3+ 54. Kg2 Rb3 55. g5+ Ke5 56. Rb6 Kf4 57. Rxg6 Kg4 58. Rb6 Kxh4 59. g6 f4 60. Kf2 Rg3 61. Rxb5 Rxg6 62. Kf3 Rf6 63. Rc5 Rf7 64. Rd5 Rf6 65. Re5 Rf7 66. Rd5 Rf6 67. Rc5 Rf7 68. Rd5 1/2-1/2


[Site "https://www.chess.com"]

[Event "Titled Tuesday Blitz April 11 Early 2023"]
[White "Trifan, Andrei Ioan"]
[Black "Itgelt, Khuyagtsogt"]
[WhiteFideId "12967068"]
[BlackFideId "4902912"]
[WhiteElo "2208"]
[BlackElo "2227"]
[Result "1/2-1/2"]
[Round "07"]
[TimeControl "180+2"]
[Date "2023.04.11"]
[WhiteClock "0:00:22"]
[BlackClock "0:00:23"]

1. e4 e5 2. Nf3 Nc6 3. Bc4 Nf6 4. d3 Bc5 5. a4 O-O 6. Nbd2 a6 7. O-O d6 8. c3 Be6 9. h3 Ba7 10. Re1 Bxc4 11. Nxc4 Ne7 12. Be3 Ng6 13. Bxa7 Rxa7 14. g3 Nd7 15. Ne3 Ra8 16. Kg2 a5 17. d4 Re8 18. Qc2 Nf6 19. dxe5 Nxe5 20. Nxe5 Rxe5 21. f3 Qd7 22. Rad1 Rae8 23. Nc4 Rc5 24. b3 Qc6 25. Qd3 Nd7 26. Re3 b6 27. Qd4 Ne5 28. Nxe5 Rexe5 29. c4 Re8 30. h4 Rce5 31. Qc3 f5 32. Rde1 fxe4 33. Rxe4 Rxe4 34. fxe4 Qc5 35. Qd3 Re5 36. Rf1 Qc6 37. Rf4 h6 38. Qf3 Kh7 39. Qg4 Qe8 40. Kf3 c6 41. Rf5 Kg8 42. Rxe5 dxe5 43. Qf5 c5 44. h5 Qe7 45. Kg4 Kh8 46. Qc8+ Kh7 47. Qf5+ Kg8 48. Kh3 Kh8 49. Kg4 Kg8 50. Qc8+ Kh7 51. Qf5+ Kg8 1/2-1/2


[Site "https://www.chess.com"]

[Event "Titled Tuesday Blitz April 11 Early 2023"]
[White "Krysa, Leandro"]
[Black "Yelisieiev, Yevhenii"]
[WhiteFideId "116807"]
[BlackFideId "14139642"]
[WhiteElo "2489"]
[BlackElo "2425"]
[Result "1-0"]
[Round "07"]
[TimeControl "180+2"]
[Date "2023.04.11"]
[WhiteClock "0:01:19"]
[BlackClock "0:01:27"]

1. e4 d6 2. d4 Nf6 3. Nc3 e5 4. Nf3 Nbd7 5. Rg1 c6 6. g4 g6 7. Be3 Bg7 8. g5 Nh5 9. Qd2 O-O 10. dxe5 Nxe5 11. Nxe5 dxe5 12. Bc4 b5 13. Bb3 a5 14. a4 b4 15. Ne2 Nf4 16. O-O-O Qe7 17. Nxf4 exf4 18. Bxf4 Qxe4 19. Rge1 Qf3 20. Bd6 Rd8 21. Re7 Bg4 22. Rxf7 Qxd1+ 23. Qxd1 Bxd1 24. Rf8# 1-0


[Site "https://www.chess.com"]

[Event "Titled Tuesday Blitz April 11 Early 2023"]
[White "polandchessplayer"]
[Black "Hajiyev, Kanan"]
[BlackFideId "13404148"]
[WhiteElo "2652"]
[BlackElo "2103"]
[Result "0-1"]
[Round "07"]
[TimeControl "180+2"]
[Date "2023.04.11"]
[WhiteClock "0:01:06"]
[BlackClock "0:00:15"]

1. c4 c6 2. Nf3 d5 3. g3 Nf6 4. Bg2 g6 5. Kf1 Bg7 6. cxd5 cxd5 7. d3 O-O 8. h3 Nc6 9. Kg1 e5 10. Kh2 e4 11. dxe4 dxe4 12. Qxd8 Rxd8 13. Nfd2 Nd4 14. Nc3 Nc2 15. Rb1 e3 16. Nde4 Bf5 17. Nxf6+ Bxf6 18. g4 Be5+ 19. Kg1 Na3 20. gxf5 Nxb1 21. Bxe3 Nxc3 22. bxc3 Rd1+ 23. Bf1 Rc8 24. fxg6 hxg6 25. Kg2 Rxc3 26. h4 Ra3 27. h5 Rxa2 28. h6 Kh7 29. f4 Bf6 30. f5 gxf5 31. Rh3 Raa1 32. Rf3 Rxf1 33. Rxf1 Rxf1 34. Kxf1 a5 35. Bf2 a4 36. Bc5 Bb2 0-1


[Site "https://www.chess.com"]

[Event "Titled Tuesday Blitz April 11 Early 2023"]
[White "Grot, Blazej"]
[Black "Mendez Fortes, Eduardo Jesus"]
[WhiteFideId "21835845"]
[BlackFideId "3502376"]
[WhiteElo "1823"]
[BlackElo "2307"]
[Result "1-0"]
[Round "07"]
[TimeControl "180+2"]
[Date "2023.04.11"]
[WhiteClock "0:01:04"]
[BlackClock "0:00:43"]

1. e4 c5 2. Nf3 d6 3. Bb5+ Nd7 4. c3 Nf6 5. Bd3 g6 6. O-O Bg7 7. Re1 O-O 8. Bf1 e5 9. d4 exd4 10. cxd4 cxd4 11. Nxd4 Nc5 12. Nc3 Re8 13. f3 d5 14. e5 Nfd7 15. f4 Nb6 16. Bd2 Nc4 17. Bc1 f6 18. Nf3 fxe5 19. Qxd5+ Qxd5 20. Nxd5 Nb6 21. Nc7 Bf5 22. Nxa8 Rxa8 23. Nxe5 h5 24. Be3 Ne6 25. g3 Nd5 26. Bc4 Nxe3 27. Rxe3 Kh7 28. Rd1 Nc5 29. b3 Rc8 30. Nf7 a6 31. Nd6 Rc7 32. Ne8 Rc6 33. Re7 1-0


[Site "https://www.chess.com"]

[Event "Titled Tuesday Blitz April 11 Early 2023"]
[White "Skvortsov, Andrei"]
[Black "Devaev, Alexander"]
[WhiteFideId "24108600"]
[BlackFideId "4169395"]
[WhiteElo "2259"]
[BlackElo "2204"]
[Result "0-1"]
[Round "07"]
[TimeControl "180+2"]
[Date "2023.04.11"]
[WhiteClock "0:00:40"]
[BlackClock "0:00:07"]

1. e4 c6 2. d4 d5 3. e5 Bf5 4. h4 Qb6 5. Nc3 h6 6. g4 Bd7 7. h5 e6 8. f4 c5 9. Nf3 Nc6 10. Bd3 Nxd4 11. Nxd4 cxd4 12. Ne2 Ne7 13. Kf2 Nc6 14. a3 O-O-O 15. b4 f6 16. exf6 gxf6 17. Kg3 e5 18. Bg6 Bd6 19. Rb1 Kb8 20. Rf1 Ne7 21. fxe5 fxe5 22. Bf7 Rdf8 23. Rf6 Qc7 24. Qf1 Ng8 25. Bxg8 Rhxg8 26. Bxh6 Rxg4+ 27. Kh2 e4+ 28. Kh1 Rh4+ 29. Kg1 Bh2+ 30. Kg2 Bh3+ 31. Kh1 Rd8 32. Qf2 Rxh5 33. Bf4 Bxf4 34. Nxf4 Rhh8 35. Nxh3 Rxh3+ 36. Kg2 Rh2+ 37. Kf1 Rxf2+ 38. Rxf2 Qc4+ 39. Kg1 e3 40. Rg2 d3 41. cxd3 Qxd3 42. Re1 d4 43. Rf1 e2 44. Re1 Qe3+ 45. Kh2 d3 46. Rg3 Rh8+ 47. Kg2 Qe4+ 48. Kf2 a6 49. Reg1 Rf8+ 50. Ke1 Rf1+ 51. Rxf1 d2+ 0-1


[Site "https://www.chess.com"]

[Event "Titled Tuesday Blitz April 11 Early 2023"]
[White "Toncheva, Nadya"]
[Black "Bacrot, Etienne"]
[WhiteFideId "2924056"]
[BlackFideId "605506"]
[WhiteElo "2101"]
[BlackElo "2663"]
[Result "0-1"]
[Round "07"]
[TimeControl "180+2"]
[Date "2023.04.11"]
[WhiteClock "0:00:16"]
[BlackClock "0:00:23"]

1. e4 c5 2. Nf3 d6 3. d4 cxd4 4. Nxd4 Nf6 5. Nc3 Nc6 6. Bg5 e6 7. f4 a6 8. Qd2 Bd7 9. O-O-O Be7 10. Nf3 b5 11. Bxf6 gxf6 12. f5 Qa5 13. Kb1 h5 14. g3 Rc8 15. Bh3 b4 16. Ne2 e5 17. Nc1 Qb6 18. g4 hxg4 19. Bxg4 a5 20. h4 a4 21. h5 Na5 22. Qg2 Nc4 23. Qg1 Qc7 24. Rh2 Bf8 25. h6 Rxh6 26. Rxh6 Bxh6 27. Bh5 Ke7 28. Nd3 Na3+ 29. bxa3 Qxc2+ 30. Ka1 Qc3+ 31. Kb1 bxa3 32. Qb6 Qc2+ 33. Ka1 Qxd1+ 34. Qb1 Qxb1+ 35. Kxb1 Bb5 36. Nfe1 Rc3 37. Be2 Bd2 0-1


[Site "https://www.chess.com"]

[Event "Titled Tuesday Blitz April 11 Early 2023"]
[White "Gharibyan, Mamikon"]
[Black "Sai Han Thiha"]
[WhiteFideId "13308300"]
[BlackFideId "13012290"]
[WhiteElo "2445"]
[BlackElo "1954"]
[Result "1-0"]
[Round "07"]
[TimeControl "180+2"]
[Date "2023.04.11"]
[WhiteClock "0:01:27"]
[BlackClock "0:00:16"]

1. e4 c6 2. Nf3 d5 3. d3 Qc7 4. exd5 cxd5 5. c4 Nf6 6. Nc3 e6 7. Bg5 Be7 8. Be2 O-O 9. O-O dxc4 10. dxc4 Nc6 11. Bh4 b6 12. Bg3 Qd7 13. Qc2 Bb7 14. Rad1 Qc8 15. Nb5 Ne8 16. a3 a6 17. Nc3 Bf6 18. Na4 Bd8 19. b4 a5 20. b5 Ne7 21. Rxd8 Qxd8 22. Rd1 Qc8 23. Nxb6 Qc5 24. Nd7 Qxa3 25. Nxf8 Kxf8 26. Qxh7 a4 27. Qh8+ Ng8 28. Ng5 Qc3 29. Nh7+ Ke7 30. Qxg8 a3 31. Qf8# 1-0


[Site "https://www.chess.com"]

[Event "Titled Tuesday Blitz April 11 Early 2023"]
[White "Borrmann, Laurenz"]
[Black "Khubukshanov, Erdem"]
[WhiteFideId "312187930"]
[BlackFideId "54114527"]
[WhiteElo "2312"]
[BlackElo "2420"]
[Result "0-1"]
[Round "07"]
[TimeControl "180+2"]
[Date "2023.04.11"]
[WhiteClock "0:00:09"]
[BlackClock "0:00:13"]

1. d4 g6 2. e4 Bg7 3. Nc3 d6 4. Be3 Nf6 5. h3 a6 6. Qd2 b5 7. Bd3 Bb7 8. a3 Nbd7 9. f4 c5 10. Nf3 c4 11. e5 dxe5 12. fxe5 cxd3 13. exf6 Nxf6 14. Qxd3 O-O 15. O-O Nd5 16. Bg5 Nxc3 17. bxc3 Rc8 18. Rae1 Re8 19. Ne5 f6 20. Nxg6 Qd5 21. Rf3 hxg6 22. Rg3 fxg5 23. Qxg6 Qf7 24. Qxg5 Rc6 25. Rf1 Rf6 26. Re1 Kh7 27. Qh4+ Rh6 28. Qg4 Rg6 29. Qh5+ Bh6 30. Rf1 Qxf1+ 31. Kxf1 Rf8+ 32. Rf3 Bxf3 33. gxf3 Rg5 34. Qh4 Rxf3+ 35. Ke2 Rf4 36. Qxf4 Rg2+ 37. Kf3 Bxf4 38. Kxg2 Bd6 0-1


[Site "https://www.chess.com"]

[Event "Titled Tuesday Blitz April 11 Early 2023"]
[White "Costachi, Mihnea"]
[Black "Novikov, Evgenij"]
[WhiteFideId "1217518"]
[BlackFideId "4125380"]
[WhiteElo "2456"]
[BlackElo "2242"]
[Result "1-0"]
[Round "07"]
[TimeControl "180+2"]
[Date "2023.04.11"]
[WhiteClock "0:01:27"]
[BlackClock "0:00:01"]

1. e4 d5 2. exd5 Nf6 3. Nf3 Bg4 4. Be2 Qxd5 5. O-O c6 6. h3 h5 7. c4 Qd6 8. d4 Nbd7 9. Nc3 e6 10. d5 Bxf3 11. Bxf3 cxd5 12. cxd5 e5 13. Nb5 Qb6 14. a4 Bc5 15. d6 O-O 16. b4 Bd4 17. Nxd4 exd4 18. Bf4 Rfd8 19. a5 Qxb4 20. a6 Rab8 21. axb7 Nc5 22. Rxa7 Nfd7 23. Qb1 Qc4 24. Rc1 Qe6 25. Ra8 g6 26. Rxb8 Rxb8 27. Qb5 Kg7 28. Rxc5 Nxc5 29. Qxc5 d3 30. Qd4+ Qf6 31. Qxf6+ Kxf6 32. d7 Rd8 33. b8=Q 1-0


[Site "https://www.chess.com"]

[Event "Titled Tuesday Blitz April 11 Early 2023"]
[White "Dobre, Claudiu-Cristian"]
[Black "Samunenkov, Ihor"]
[WhiteFideId "1211854"]
[BlackFideId "14187086"]
[WhiteElo "2207"]
[BlackElo "2457"]
[Result "1-0"]
[Round "07"]
[TimeControl "180+2"]
[Date "2023.04.11"]
[WhiteClock "0:00:05"]
[BlackClock "0:00:01"]

1. e4 c6 2. Nf3 d5 3. exd5 cxd5 4. Ne5 a6 5. d4 Nc6 6. Nxc6 bxc6 7. Bf4 Bf5 8. Bd3 Bxd3 9. Qxd3 e6 10. Nd2 Bd6 11. Bxd6 Qxd6 12. Nb3 Nf6 13. O-O Nd7 14. Qg3 Qxg3 15. hxg3 h5 16. Rac1 Ke7 17. c4 Rhc8 18. Rc3 Nb6 19. Na5 dxc4 20. Nxc4 Nxc4 21. Rxc4 Rab8 22. b3 Kd6 23. Rfc1 g6 24. f3 a5 25. Kf2 Ra8 26. Ra4 Rcb8 27. Ke3 Rb5 28. Rc3 Kc7 29. Rac4 Ra6 30. Kf4 Kd6 31. Ke3 Rab6 32. Ra4 Rd5 33. Rcc4 Rbb5 34. f4 Kc7 35. Ra3 Kb6 36. Raa4 Rd7 37. Ke4 Rbd5 38. Ke3 Rd8 39. Rc2 Rb5 40. Rac4 Rd6 41. Ke4 Kc7 42. Ke3 Kb7 43. Ra4 Kb6 44. Rcc4 Rd7 45. Rc2 Rb4 46. Rc4 Rxa4 47. Rxa4 Kb5 48. Rc4 Rd5 49. Kd3 Kb6 50. Kc3 Kb5 51. Ra4 c5 52. Rc4 cxd4+ 53. Rxd4 Rc5+ 54. Kb2 Rc6 55. Rd7 1-0


[Site "https://www.chess.com"]

[Event "Titled Tuesday Blitz April 11 Early 2023"]
[White "Krishnan, Varun"]
[Black "Weetik, Vjacheslav"]
[WhiteFideId "5054508"]
[BlackFideId "4153472"]
[WhiteElo "2519"]
[BlackElo "2469"]
[Result "0-1"]
[Round "07"]
[TimeControl "180+2"]
[Date "2023.04.11"]
[WhiteClock "0:00:15"]
[BlackClock "0:00:17"]

1. e4 c5 2. Nf3 Nc6 3. d4 cxd4 4. Nxd4 g6 5. c4 Nf6 6. Nc3 d6 7. Be2 Nxd4 8. Qxd4 Bg7 9. Bg5 O-O 10. O-O Be6 11. Qd2 Qa5 12. a3 Rfc8 13. b4 Qd8 14. Bxf6 Bxf6 15. Rac1 Bxc4 16. Bxc4 Rxc4 17. Nd5 Rxe4 18. Rc7 Rc8 19. Nxf6+ exf6 20. Rxc8 Qxc8 21. Qxd6 Kg7 22. h3 Qc3 23. Qd5 Re7 24. Qa2 h5 25. Rb1 h4 26. b5 b6 27. a4 Re4 28. Rd1 Qb4 29. Rd7 Rc4 30. Rxa7 Qe1+ 31. Kh2 Qe5+ 32. g3 hxg3+ 33. fxg3 Qc5 34. Qb3 Qf2+ 0-1


[Site "https://www.chess.com"]

[Event "Titled Tuesday Blitz April 11 Early 2023"]
[White "Sreyas Payyappat"]
[Black "Pakleza, Zbigniew"]
[WhiteFideId "46674969"]
[BlackFideId "1119290"]
[WhiteElo "2083"]
[BlackElo "2410"]
[Result "0-1"]
[Round "07"]
[TimeControl "180+2"]
[Date "2023.04.11"]
[WhiteClock "0:00:04"]
[BlackClock "0:00:05"]

1. e4 d6 2. d4 Nf6 3. Nc3 c6 4. Nf3 Bg4 5. Bd3 e6 6. Be3 Be7 7. h3 Bh5 8. Qd2 d5 9. e5 Nfd7 10. Ne2 Bxf3 11. gxf3 c5 12. c3 Nc6 13. O-O-O cxd4 14. cxd4 Bb4 15. Nc3 Rc8 16. Kb1 Na5 17. Rhg1 g6 18. f4 Bxc3 19. bxc3 Nc4 20. Bxc4 Rxc4 21. Ka1 Qa5 22. Rc1 b5 23. f5 exf5 24. Bg5 Qb6 25. Rge1 O-O 26. Be7 Rfc8 27. h4 Qe6 28. Bd6 h5 29. Rg1 a5 30. Qb2 b4 31. cxb4 axb4 32. Bxb4 Qb6 33. Rxc4 Rxc4 34. Bc3 Qc6 35. Rc1 Nb6 36. Bd2 Kh7 37. Rxc4 dxc4 38. Qc3 Nd5 39. Qc2 c3 40. Be1 Qc4 41. Kb1 Qf1 42. Qc1 Qd3+ 43. Ka1 c2 44. Kb2 Qxd4+ 45. Kxc2 Nf4 46. Bc3 Qd3+ 47. Kb2 Ne2 48. Qe3 Qb5+ 49. Kc2 f4 50. Qd3 Nxc3 51. Qxc3 Qa4+ 52. Qb3 Qe4+ 53. Kb2 Qxe5+ 54. Kb1 Qe1+ 55. Kb2 Qxf2+ 56. Kb1 Qe1+ 57. Kb2 Qe2+ 58. Kb1 Qe4+ 59. Kb2 Qe5+ 60. Kb1 Qf5+ 61. Kc1 f3 62. Qc4 f2 63. Qf1 Qf3 64. a4 Qe3+ 65. Kd1 Qb3+ 66. Ke2 Qxa4 67. Qxf2 Qc2+ 68. Kf1 Qxf2+ 69. Kxf2 Kg7 0-1


[Site "https://www.chess.com"]

[Event "Titled Tuesday Blitz April 11 Early 2023"]
[White "Goffredo_Fofi"]
[Black "Karttunen, Mika"]
[BlackFideId "502081"]
[WhiteElo "2511"]
[BlackElo "2396"]
[Result "1-0"]
[Round "07"]
[TimeControl "180+2"]
[Date "2023.04.11"]
[WhiteClock "0:00:12"]
[BlackClock "0:00:14"]

1. d4 Nf6 2. Nf3 e6 3. c4 d5 4. Nc3 Bb4 5. cxd5 exd5 6. Bg5 h6 7. Bh4 g5 8. Bg3 Ne4 9. Nd2 Nxg3 10. hxg3 c6 11. Qb3 Qe7 12. O-O-O Be6 13. a3 Bxc3 14. Qxc3 Nd7 15. e3 h5 16. Bd3 O-O-O 17. Nb3 Kb8 18. Na5 Nb6 19. Kb1 Rc8 20. Rc1 Qd6 21. Qb3 f5 22. a4 Rc7 23. Rc5 Ka8 24. Rhc1 Nd7 25. R5c2 Nb8 26. Qc3 b6 27. Nb3 h4 28. gxh4 Rxh4 29. a5 Bc8 30. Ka2 f4 31. e4 dxe4 32. Bxe4 Be6 33. axb6 axb6 34. Kb1 Bd5 35. Bxd5 Qxd5 36. Qb4 Nd7 37. Qa4+ Kb7 38. Rc4 Rh8 39. Qb4 Ra8 40. f3 Ra7 41. Nc5+ Nxc5 42. Rxc5 Qf7 43. d5 Qf5+ 44. R1c2 Qd3 45. Rxc6 Rxc6 46. dxc6+ Kc8 47. Qf8+ Qd8 48. Qxd8+ Kxd8 49. Rd2+ Kc8 50. Rd5 Ra5 51. Rd6 Kc7 52. Rg6 Rc5 53. b4 Rb5 54. Kc2 Rxb4 55. Rxg5 Kxc6 56. Rg6+ Kb5 57. Rg5+ Kc4 58. Rf5 Rb5 59. Rxf4+ Kc5 60. Rf5+ Kc6 61. Rxb5 Kxb5 62. g4 Kc5 63. Kb3 Kd5 64. f4 Ke4 65. f5 1-0


[Site "https://www.chess.com"]

[Event "Titled Tuesday Blitz April 11 Early 2023"]
[White "Mortazavi, Ali"]
[Black "Aldokhin, Ivan"]
[WhiteFideId "401323"]
[BlackFideId "24115720"]
[WhiteElo "2339"]
[BlackElo "2322"]
[Result "0-1"]
[Round "07"]
[TimeControl "180+2"]
[Date "2023.04.11"]
[WhiteClock "0:00:12"]
[BlackClock "0:00:09"]

1. Nf3 Nf6 2. g3 g6 3. Bg2 Bg7 4. O-O d6 5. d3 O-O 6. e4 Nc6 7. Nc3 e5 8. h3 Nd7 9. a4 f5 10. exf5 gxf5 11. a5 a6 12. Nh4 Nc5 13. f4 Nd4 14. Nd5 Be6 15. Kh2 c6 16. Nb6 Rb8 17. b4 Nd7 18. Na4 Qf6 19. Rb1 Rbe8 20. c3 Nb5 21. Bd2 Kh8 22. fxe5 dxe5 23. Qh5 Qf7 24. Qxf7 Rxf7 25. Nc5 Nxc5 26. bxc5 e4 27. d4 e3 28. Bxe3 Nxc3 29. Rbe1 Bc4 30. Rxf5 Rfe7 31. Bd2 Rxe1 32. Bxc3 Rc1 33. Bd2 Rc2 34. Bf4 Ree2 35. g4 Bd5 36. Rxd5 cxd5 37. Kg3 Bxd4 38. Bxd5 Bf2+ 39. Kf3 Bxh4 40. Be4 Rf2+ 41. Ke3 Rce2+ 42. Kd3 Rxf4 0-1


[Site "https://www.chess.com"]

[Event "Titled Tuesday Blitz April 11 Early 2023"]
[White "Dominguez Pons, Eric"]
[Black "Tregubov, Pavel V."]
[WhiteFideId "2262916"]
[BlackFideId "4115341"]
[WhiteElo "2302"]
[BlackElo "2425"]
[Result "1-0"]
[Round "07"]
[TimeControl "180+2"]
[Date "2023.04.11"]
[WhiteClock "0:01:58"]
[BlackClock "0:00:32"]

1. d4 Nf6 2. Nf3 e6 3. e3 c5 4. c3 b6 5. Bd3 Bb7 6. Nbd2 Be7 7. e4 d6 8. O-O O-O 9. Qe2 Nc6 10. Rd1 cxd4 11. cxd4 Nb4 12. Bb5 Rc8 13. a3 Nc2 14. Rb1 Qc7 15. Bd3 e5 16. dxe5 dxe5 17. Nc4 Nd4 18. Nxd4 exd4 19. e5 Qc6 20. f3 Nd5 21. Qe4 g6 22. Bh6 Rfe8 23. Rbc1 Qe6 24. Nd6 Bxd6 25. exd6 Rcd8 26. Qxd4 f6 27. Bb5 Rxd6 28. Bxe8 Qxe8 29. Rc7 1-0


[Site "https://www.chess.com"]